 Dungeon Crawl Stone Soup version 0.29-a0-334-gb41bcbb86e (webtiles) character file.

Game seed: 5122843236544366916

168 spaghetti the Ruffian (level 5, -5/34 HPs)
             Began as an Octopode Wanderer on Apr 15, 2022.
             Was a Believer of Kikubaaqudgha.
             Killed by divine providence
             ... invoked by an orc priest
              (16 damage)
             ... on level 3 of the Dungeon.
             The game lasted 00:03:23 (2327 turns).

spaghetti the Ruffian (Octopode Wanderer)           Turns: 2327, Time: 00:03:24

Health: -5/34      AC:  1    Str: 14 (15) XL:     5   Next: 48%
Magic:  2/6        EV: 13    Int: 12 (14) God:    Kikubaaqudgha [**....]
Gold:   56         SH:  0    Dex: 10      Spells: 5/6 levels left

rFire   . . .      SeeInvis .     - Unarmed
rCold   . . .      Faith    .   (no shield)
rNeg    . . .      Spirit   .   (helmet restricted)
rPois   .          Reflect  .   (no amulet)
rElec   .          Harm     .   (no ring)
rCorr   .          Rampage  .   (no ring)
Will    .....                   (no ring)
Stlth   ++........              (no ring)
HPRegen 0.11/turn               (no ring)
MPRegen 0.10/turn               (no ring)
                                (no ring)
                                (no ring)

@: very slightly contaminated
A: almost no armour, amphibious, 8 rings, camouflage 1, gelatinous body 1,
(nimble swimmer 1), tentacles
a: Renounce Religion, Receive Corpses


You were on level 3 of the Dungeon.
You worshipped Kikubaaqudgha.
Kikubaaqudgha was pleased with you.
You visited 1 branch of the dungeon, and saw 3 of its levels.

You collected 56 gold pieces.


Innate Abilities, Weirdness & Mutations

You cannot wear most types of armour.
You are amphibious.
You can wear up to eight rings at the same time.
Your skin changes colour to match your surroundings (Stealth+).
Your rubbery body absorbs attacks. (AC +1, EV +1)
((You are camouflaged when in or above water. (Stealth+)))
You have tentacles for arms and can constrict up to eight enemies at once.


   Skills:
 - Level 2.0 Fighting
 + Level 2.7 Dodging
 - Level 1.3 Stealth
 + Level 5.8 Unarmed Combat
 - Level 1.0 Spellcasting
 - Level 1.0 Air Magic
 - Level 1.1 Evocations


You had 5 spell levels left.
You knew the following spells:

 Your Spells              Type           Power      Damage    Failure   Level
a - Animate Skeleton      Necr           0%         N/A       30%         1

Your spell library contained the following spells:

 Spells                   Type           Power      Damage    Failure   Level
 Freeze                   Ice            0%         1d3       30%         1
 Pain                     Necr           0%         1d4       30%         1
 Corpse Rot               Necr/Air       2%         N/A       36%         2
 Poisonous Vapours        Pois/Air       2%         N/A       36%         2
 Frozen Ramparts          Ice            0%         1d2       65%         3
 Hailstorm                Conj/Ice       0%         3d3       96%         4
 Agony                    Necr           0%         N/A       100%        5

Inventory:

Hand Weapons
 a - a +0 club {mace}
Missiles
 f - 78 stones (quivered) {throwing}
 l - 4 poisoned darts {throwing}
 n - a throwing net {=f!fthrowing}
Scrolls
 g - 2 scrolls of blinking {unknown}
 i - a scroll of fear {unknown}
 j - 2 scrolls of noise {unknown}
 k - a scroll of teleportation {unknown}
 o - 4 scrolls of identify {unknown}
 p - a scroll of magic mapping {unknown}
Potions
 c - a potion of curing {@q1}
 d - 3 potions of attraction {!q}
 e - a potion of might
 h - 2 potions of degeneration {!q@e2}
 m - a potion of cancellation

Dungeon Overview and Level Annotations

Branches:
Dungeon (3/15)

Altars:
Kikubaaqudgha

##.....##
#####......<##
............####
#.............#
#....Z.†.)##..#
#.o.......# ...
#.........# ##
#.............
#ZZ@......#.##
#(..........#
..(.........###
.(((..........#
###.##.......##
#. ....$..## #
#..##### ##..


You could see an orc priest (ally target), a friendly hobgoblin skeleton, a
friendly orc skeleton and a friendly orc priest skeleton.


Message History

The stone {throwing} hits the orc but does no damage.
You barely miss the orc. You grab the orc. Your squeeze misses the orc.
You constrict the orc. You bludgeon the orc!
You kill the orc!
Kikubaaqudgha accepts your kill.
You bludgeon the orc!
You kill the orc!
Kikubaaqudgha accepts your kill.
An orc priest comes into view. It is wielding a +0 club.
You have reached level 5!
You feel stronger. 😮 HP[+4] MP[+1]
You now have 34 max hp (+5).
You regained 4 hp, and now have 24/34 hp.
Your mp is fully restored (6).
Throw: 79 stones {throwing}
Press: ? - help, Q - select action, (/) - cycle Shift-Dir - straight line, f - orc wizard
Aim: an orc wizard, wielding a +0 dagger and wearing a +0 robe (45% to hit)
You throw a stone {throwing}.
The stone {throwing} hits the orc wizard.
The orc wizard gestures at you while chanting.
The magic dart hits you!
* * * LOW HITPOINT WARNING * * *
😨 HP[-12]
You take 12 damage, and now have 12/34 hp.
MASSIVE DAMAGE!! (PAUSE)
You feel much better. 😕 HP[+21]
You regained 21 hp, and now have 33/34 hp.
Unknown command.
You tentacle-slap the orc wizard but do no damage.
Your grab misses the orc wizard. You squeeze the orc wizard.
The orc wizard closely misses you.
You bludgeon the orc wizard! You grab the orc wizard.
You constrict the orc wizard. The orc wizard barely misses you.
The orc priest mumbles some strange prayers to Beogh against you.
Beogh smites you! 😮 HP[-15]
You take 15 damage, and now have 18/34 hp.
MASSIVE DAMAGE!! (PAUSE)
You tentacle-slap the orc wizard.
You kill the orc wizard!
Kikubaaqudgha accepts your kill.
You feel your strength returning.
You barely miss the orc priest. Your grab misses the orc priest.
The orc priest mumbles some strange prayers to Beogh against you.
Pain shoots through your body!
* * * LOW HITPOINT WARNING * * *
😨 HP[-4]
You take 4 damage, and now have 14/34 hp.
Unknown command.
You closely miss the orc priest. You grab the orc priest.
You constrict the orc priest. The orc priest hits you with a +0 club.
* * * LOW HITPOINT WARNING * * *
😨 HP[-4]
You take 4 damage, and now have 10/34 hp.
You tentacle-slap the orc priest but do no damage.
Your squeeze misses the orc priest. You constrict the orc priest.
The orc priest closely misses you.
You barely miss the orc priest. You tentacle-slap the orc priest.
You squeeze the orc priest! You constrict the orc priest.
You kill the orc priest!
Kikubaaqudgha accepts your kill.
You feel your dexterity returning.
You start resting.
An orc priest comes into view. It is wielding a +0 flail. 😨 HP[+1]
An orc priest is nearby!
Casting: Animate Skeleton (safe; 30% risk of failure)
Confirm with . or Enter, or press ? or * to list all spells.
You attempt to give life to the dead...
Before your eyes, flesh is ripped from the corpse!
The dead are walking!
The orc priest shouts! 😨 MP[-1]
You lost 1 mp, and now have 5/6 mp.
Casting: Animate Skeleton (safe; 30% risk of failure)
Confirm with . or Enter, or press ? or * to list all spells.
You attempt to give life to the dead...
Before your eyes, flesh is ripped from the corpse!
The dead are walking! 😨 MP[-1]
You lost 1 mp, and now have 4/6 mp.
Casting: Animate Skeleton (safe; 30% risk of failure)
Confirm with . or Enter, or press ? or * to list all spells.
You miscast Animate Skeleton.
You are very lightly contaminated with residual magic.
Nothing appears to happen. 😨 MP[-1]
You lost 1 mp, and now have 3/6 mp.
Casting: Animate Skeleton (safe; 30% risk of failure)
Confirm with . or Enter, or press ? or * to list all spells.
You attempt to give life to the dead...
Before your eyes, flesh is ripped from the corpse!
The dead are walking!
The orc priest calls down the wrath of Beogh upon you.
Beogh smites you!
You die...
Kikubaaqudgha rasps: "You have failed me!
Welcome... death!"

Skill      XL: |  1  2  3  4 |
---------------+-------------+-----
Unarmed Combat | 5 |  5.8
Dodging        | 1 2 |  2.7
Fighting       | |  2.0
Stealth        | |  1.3
Spellcasting   | |  1.0
Air Magic      | |  1.0
Evocations     | |  1.1

Action                   |  1- 3 |  4- 6 || total
-------------------------+-------+-------++-------
Melee: Unarmed           |    64 |    35 ||    99
       Club              |     6 |       ||     6
       Tentacles         |    14 |     9 ||    23
       Constrict         |    13 |    12 ||    25
       Punch             |     1 |     3 ||     4
Throw: Stone             |    11 |     5 ||    16
       Dart              |       |     3 ||     3
 Cast: Animate Skeleton  |       |     5 ||     5
  Use: Potion            |       |     4 ||     4
 Stab: Sleeping          |     7 |     1 ||     8
Armor: Skin              |    11 |     1 ||    12
Dodge: Dodged            |    38 |    29 ||    67

Levels and vault maps discovered:
D:1:      dpeg_arrival_water_fire, layout_loops_ring,
          nicolae_ecumenical_snake_handling, minmay_pentomino_s2
D:2:      layout_loops_cross
D:3:      layout_rooms, minmay_cupped, uniq_robin

Notes
Turn   | Place    | Note
-------+----------+-------------------------------------------
     0 | D:1      | spaghetti the Octopode Wanderer began the quest for the
                  | Orb.
     0 | D:1      | spaghetti set off with the following items: a +0 club
                  | {mace}, a potion of heal wounds {@q2}, a potion of curing
                  | {@q1}, a potion of attraction {!q}, a potion of might; and
                  | the following spells available to memorise: Corpse Rot,
                  | Poisonous Vapours
     0 | D:1      | Reached XP level 1. HP: 14/14 MP: 2/2
     0 | D:1      | magus.rc [v1.9.6]
   271 | D:1      | Reached XP level 2. HP: 19/19 MP: 3/3
   672 | D:1      | Found a faded altar of an unknown god.
   686 | D:1      | Prayed at the altar of an unknown god.
   686 | D:1      | Became a worshipper of Kikubaaqudgha
   686 | D:1      | Reached * piety under Kikubaaqudgha
   686 | D:1      | You add the spells Animate Skeleton, Pain and Agony to your
                  | library.
   686 | D:1      | Received a gift from Kikubaaqudgha
   691 | D:1      | Learned a level 1 spell: Animate Skeleton
   876 | D:1      | Reached XP level 3. HP: 24/24 MP: 4/4
   970 | D:1      | Reached skill level 5 in Unarmed Combat
  1402 | D:2      | Reached skill level 1 in Dodging
  1468 | D:2      | You pick up a book of Frost and begin reading...
  1468 | D:2      | You add the spells Freeze, Frozen Ramparts and Hailstorm to
                  | your library.
  1624 | D:2      | Reached XP level 4. HP: 21/29 MP: 5/5
  1639 | D:2      | HP: 7/29 [gnoll/+0 spear (9)]
  1644 | D:2      | HP: 2/29 [gnoll/+0 spear (5)]
  1645 | D:2      | Reached ** piety under Kikubaaqudgha
  2266 | D:3      | Reached skill level 2 in Dodging
  2306 | D:3      | Reached XP level 5. HP: 24/34 MP: 6/6
  2327 | D:3      | Killed from afar by an orc priest

Vanquished Creatures
  An orc priest (D:3)
  An orc wizard (D:3)
  4 gnolls
  2 adders
  2 orcs (D:3)
  8 ball pythons (D:1)
  4 endoplasms
  4 giant cockroaches
  3 hobgoblins
  2 kobolds
  2 quokkas (D:1)
  7 bats (D:1)
  3 frilled lizards
  3 goblins
  7 rats
53 creatures vanquished.

Vanquished Creatures (collateral kills)
  A gnoll (D:2)
  A goblin (D:2)
2 creatures vanquished.

Grand Total: 55 creatures vanquished

Table legend:
 A = Non-vault XP
 B = Vault XP
 C = Vault XP percentage of total XP
 D = Non-vault monster count
 E = Vault monster count
 F = Vault count percentage of total count
                 A         B        C        D         E       F
            +---------+---------+-------+---------+---------+-------
      Total |     233 |       7 |   2.9 |      49 |       6 |  10.9
            +---------+---------+-------+---------+---------+-------
        D:1 |      51 |       7 |  12.1 |      26 |       6 |  18.8
        D:2 |      83 |       0 |   0.0 |      14 |       0 |   0.0
        D:3 |      99 |       0 |   0.0 |       9 |       0 |   0.0
            +---------+---------+-------+---------+---------+-------

Illustrated notes

Table legend:
 A = Kills in this place as a percentage of kills in entire the game.
 B = Kills by you in this place as a percentage of kills by you in the entire game.
 C = Kills by friends in this place as a percentage of kills by friends in the entire game.
 D = Other kills in this place as a percentage of other kills in the entire game.
 E = Experience gained in this place as a percentage of experience gained in the entire game.
 F = Experience gained in this place divided by the number of levels of this place that you have seen.
                   A       B       C       D       E      F
               +-------+-------+-------+-------+-------+----------------------
         Total | 100.0 | 100.0 | 100.0 |   N/A | 100.0 |  80.0
       Dungeon | 100.0 | 100.0 | 100.0 |   N/A | 100.0 |  80.0
               +-------+-------+-------+-------+-------+----------------------

Table legend: (Time is in decaauts)
 A = Elapsed time spent in this place.
 B = Non-inter-level travel time spent in this place.
 C = Inter-level travel time spent in this place.
 D = Time resting spent in this place.
 E = Time spent auto-exploring this place.
 F = Levels seen in this place.
 G = Mean time per level.
                   A        B        C        D        E       F      G
               +--------+--------+--------+--------+--------+-----+--------+
         Total |   2320 |   2267 |     53 |    614 |   1352 |   3 |  773.3 |
       Dungeon |   2320 |   2267 |     53 |    614 |   1352 |   3 |  773.3 |
               +--------+--------+--------+--------+--------+-----+--------+

Top non-repeatable levels by time:
     D:1: 1321 daAuts
     D:2: 934 daAuts
     D:3: 63 daAuts
